 Dungeon Crawl Stone Soup version 0.19.1-1-g22dce08 (webtiles) character file.

457 nikopol the Skirmisher (level 7, -3/44 HPs)
             Began as a Gargoyle Berserker on Jan 8, 2017.
             Was a Priest of Trog.
             Slain by Sigmund
             ... wielding a +0 scythe
              (9 damage)
             ... on level 4 of the Dungeon.
             The game lasted 00:08:52 (4173 turns).

nikopol the Skirmisher (Gargoyle Berserker)         Turns: 4173, Time: 00:08:53

Health: -3/44      AC: 13    Str: 21    XL:     7   Next: 6%
Magic:  7/7        EV: 11    Int:  7    God:    Trog [***...]
Gold:   199        SH:  0    Dex: 11    Spells: 0 memorised, 6 levels left

rFire  . . .     SeeInvis .     a - +3 war axe
rCold  . . .     Gourm    .     t - +0 scale mail
rNeg   + . .     Faith    .     (no shield)
rPois  ∞         Spirit   .     (no helmet)
rElec  +         Reflect  .     f - +0 cloak
rCorr  .         Harm     .     (no gloves)
MR     .....                    (no boots)
Stlth  ..........               (no amulet)
                                (no ring)
                                (no ring)

@: no status effects
A: negative energy resistance 1, electricity resistance, unbreathing,
petrification resistance, rot immunity, AC +4
a: Berserk, Trog's Hand, Burn Spellbooks, Renounce Religion


You were on level 4 of the Dungeon.
You worshipped Trog.
Trog was most pleased with you.
You were not hungry.

You visited 1 branch of the dungeon, and saw 4 of its levels.

You collected 199 gold pieces.

Inventory:

Hand Weapons
 a - a +3 war axe (weapon)
 u - a +0 hand axe
 B - a +0 war axe
Missiles
 i - 49 arrows (quivered)
Armour
 b - a +0 animal skin
 f - a +0 cloak (worn)
 t - a +0 scale mail (worn)
Jewellery
 p - a cursed amulet of inaccuracy {unknown}
 z - a +3 amulet of reflection {unknown}
Scrolls
 d - 2 scrolls of blinking {unknown}
 g - 2 scrolls of noise {unknown}
 h - a scroll of immolation {unknown}
 j - 4 scrolls of random uselessness {unknown}
 k - 2 scrolls of remove curse {unknown}
 m - a scroll of magic mapping {unknown}
 n - 2 scrolls of enchant armour {unknown}
 s - a scroll of identify {unknown}
 y - a scroll of enchant weapon {unknown}
Potions
 e - a potion of haste {unknown}
 q - a potion of heal wounds {unknown}
 r - 2 potions of berserk rage {unknown}
 v - 2 potions of curing {unknown}
 w - a potion of degeneration {unknown}
 A - a potion of brilliance {unknown}
Books
 C - a book of Minor Magic

   Spells                             Type                      Level
   a - Magic Dart                     Conjuration                  1
   b - Blink                          Translocation                2
   c - Call Imp                       Summoning                    2
   d - Repel Missiles                 Charms/Air                   2
   e - Slow                           Hexes                        2
   f - Conjure Flame                  Conjuration/Fire             3
   g - Mephitic Cloud                 Conjuration/Poison/Air       3
   Trog disapproves of the use of such an item.
Comestibles
 c - 4 bread rations
 l - 3 fruits
 o - a slice of pizza
 x - a meat ration
 D - 4 chunks of flesh


   Skills:
 + Level 5.2 Fighting
 + Level 4.2 Axes
 + Level 4.1 Armour
 + Level 3.2 Dodging


You had 6 spell levels left.
You didn't know any spells.

Dungeon Overview and Level Annotations

Branches:
Dungeon (4/15)             Temple (0/1) D:4

Altars:
Makhleb
Okawaru
Sif Muna
Trog

Shops:
D:4 =

Annotations:
D:4 Sigmund


Innate Abilities, Weirdness & Mutations

You are resistant to torment.
Your stone body is resilient. (AC +4)
You are immune to poison.
You resist negative energy. (rN+)
You are resistant to electric shocks. (rElec)
You can survive without breathing.
You are immune to petrification.
You are immune to rotting.


Message History

You hear some strange, mumbled words.
Something tries to affect you, but you resist.
You hit something. Something hits you.
You barely miss something. Something hits you but does no damage.
You hit something but do no damage.
You hear some strange, mumbled words.
Something tries to affect you, but you resist.
You closely miss something. Something completely misses you.
You closely miss something. Something hits you but does no damage.
You barely miss something. Something hits you.
You hit something. Something hits you.
* * * LOW HITPOINT WARNING * * *
You hit something but do no damage. Something hits you but does no damage.
You closely miss something. You hit something.
Something hits you but does no damage.
You slash something! Something hits you!
* * * LOW HITPOINT WARNING * * *
You barely miss something. Something hits you but does no damage.
You closely miss something. Something hits you!
You die...

.....#.#....####.......##.#.....#
.#####.#.........##.......#######
. #.#....####.##.##.#### ########
##.##.##.##.#### #..............#
##.#...##.#.#..####
#......#.#.#......
#..........##.####
#@.....#.####.# #{.#...##.# #.#
........##.. ..# #..#.###.######
### ....#. #.# ..#. #. #.# . # #.
.$ ..


There were no monsters in sight!

Vanquished Creatures
  A scorpion (D:4)
  A crimson imp (D:4)
  3 orc priests (D:4)
  Ijyb (D:3)
  An iguana (D:3)
  2 orc wizards (D:4)
  A gnoll (D:1)
  6 adders
  2 oozes
  A worm (D:3)
  3 dart slugs
  4 leopard geckos
  13 orcs
  2 ball pythons (D:3)
  6 bats
  2 giant cockroaches (D:3)
  8 goblins
  10 hobgoblins
  4 jackals (D:1)
  10 kobolds
  A quokka (D:2)
  2 frilled lizards
  A jackal skeleton (D:4)
  A quokka skeleton (D:4)
  6 rats
92 creatures vanquished.

Notes
Turn   | Place    | Note
-------+----------+-------------------------------------------
     0 | D:1      | nikopol the Gargoyle Berserker began the quest for the Orb.
     0 | D:1      | Reached XP level 1. HP: 14/14 MP: 1/1
    49 | D:1      | Reached XP level 2. HP: 8/19 MP: 2/2
   489 | D:1      | Reached XP level 3. HP: 21/23 MP: 3/3
  1300 | D:2      | Reached ** piety under Trog
  1428 | D:2      | Found a deep blue altar of Sif Muna.
  1471 | D:2      | Reached XP level 4. HP: 20/29 MP: 4/4
  1622 | D:2      | Reached skill level 4 in Fighting
  1867 | D:2      | Found an iron altar of Okawaru.
  2490 | D:3      | Reached XP level 5. HP: 15/33 MP: 5/5
  2657 | D:3      | Found a bloodstained altar of Trog.
  2714 | D:3      | Noticed Ijyb
  2722 | D:3      | Killed Ijyb
  3288 | D:3      | Reached *** piety under Trog
  3504 | D:4      | Reached XP level 6. HP: 21/39 MP: 6/6
  3802 | D:4      | Found a staircase to the Ecumenical Temple.
  3807 | D:4      | Found Fitwill's Jewellery Shop.
  3843 | D:4      | Found a burning altar of Makhleb.
  3849 | D:4      | Reached skill level 5 in Fighting
  3953 | D:4      | Reached XP level 7. HP: 19/44 MP: 7/7
  4148 | D:4      | Noticed Sigmund
  4173 | D:4      | Slain by Sigmund

Skill      XL: |  1  2  3  4  5  6 |
---------------+-------------------+-----
Axes           | 3 4 |  4.2
Armour         | 3 4 |  4.1
Dodging        | 2 3 |  3.2
Fighting       | 4 5 |  5.2

Action                   |  1- 3 |  4- 6 |  7- 9 || total
-------------------------+-------+-------+-------++-------
Melee: Hand axe          |   123 |    58 |       ||   181
       War axe           |       |   135 |    27 ||   162
Invok: Berserk           |       |     1 |       ||     1
 Stab: Sleeping          |     1 |       |       ||     1
  Eat: Chunk             |     2 |     8 |     2 ||    12
Armor: Animal skin       |    50 |     6 |       ||    56
       Scale mail        |       |    96 |    16 ||   112
Dodge: Dodged            |    86 |   118 |     7 ||   211
